 Dungeon Crawl Stone Soup version 0.32-a0-871-ge202e49faa (webtiles) character file.

Game seed: 3111974056704466012

14462 Fractals the Fighter (level 11, -21/107 HPs)
             Began as a Mountain Dwarf Fighter on Mar 30, 2024.
             Was a Priest of Qazlal.
             Killed by the air
             ... invoked by Gastronok
              (24 damage)
             ... on level 2 of the Lair of Beasts.
             The game lasted 00:28:52 (14750 turns).

Fractals the Fighter (Mountain Dwarf Fighter)      Turns: 14750, Time: 00:28:52

Health: -21/107    AC: 14    Str: 21    XL:     11   Next: 89%
Magic:  18/18      EV: 25    Int:  9    God:    Qazlal [***...]
Gold:   77         SH: 18    Dex: 11    Spells: 10/10 levels left

rFire   + . .        a - +1 war axe (heavy)
rCold   + . .        B - +3 kite shield
rNeg    + . .        s - +0 plate armour
rPois   +            K - -2 hat of the Alchemist {rElec rPois rF+ rC+ rN+ Will+ rMut rCorr}
rElec   +            c - scarf {repulsion}
rCorr   +            (no gloves)
SInv    .            I - +2 pair of boots
Will    ++...        e - amulet of the acrobat Stlth
                     k - ring of poison resistance
HPRegen 0.37/turn    y - +5 ring of evasion
MPRegen 0.16/turn

%: repel missiles, acrobat, resist mutation
@: acrobatic
A: runic magic, artefact enchanting, screaming 1
a: Renounce Religion, Upheaval, Elemental Force


You were on level 2 of the Lair of Beasts.
You worshipped Qazlal.
Qazlal was most pleased with you.
You visited 3 branches of the dungeon, and saw 14 of its levels.

You collected 684 gold pieces.
You spent 607 gold pieces at shops.

Inventory:

Hand Weapons
 a - a +1 heavy war axe (weapon)
 u - a +2 flail of protection
 x - a +2 scimitar of flaming
Missiles
 G - 3 throwing nets (quivered)
Armour
 c - a scarf of repulsion (worn)
 s - a +0 plate armour (worn)
 B - a +3 kite shield (worn)
 I - a +2 pair of boots (worn)
 K - the -2 hat of the Alchemist (worn) {rElec rPois rF+ rC+ rN+ Will+ rMut rCorr}
   (You bought it in a shop on level 5 of the Dungeon)

   rF+:       It protects you from fire.
   rC+:       It protects you from cold.
   rElec:     It insulates you from electricity.
   rPois:     It protects you from poison.
   rN+:       It protects you from negative energy.
   Will+:     It increases your willpower.
   rCorr:     It protects you from acid and corrosion.
   rMut:      It protects you from mutation.
Jewellery
 e - an amulet of the acrobat (around neck)
 k - a ring of poison resistance (left hand)
 y - a +5 ring of evasion (right hand)
 D - a +5 ring of evasion
 E - a ring of willpower
 L - a ring of see invisible
Wands
 d - a wand of polymorph (3)
 i - a wand of quicksilver (6)
 l - a wand of flame (20)
 t - a wand of digging (5)
 w - a wand of warping (11)
Scrolls
 f - 2 scrolls of enchant weapon
 g - a scroll of identify
 h - a scroll of silence {unknown}
 n - 4 scrolls of teleportation
 v - a scroll of fog
 z - a scroll of revelation
 C - 2 scrolls of vulnerability
 H - a scroll of acquirement {unknown}
 M - a scroll of fear
 N - a scroll of immolation
Potions
 b - 2 potions of enlightenment
 j - 3 potions of curing
 m - a potion of resistance
 o - a potion of ambrosia {unknown}
 p - a potion of attraction {unknown}
 q - a potion of haste {unknown}
 r - 2 potions of magic
 A - 2 potions of lignification {unknown}
 J - a potion of mutation {unknown}
Miscellaneous
 F - a phantom mirror


   Skills:
 + Level 13.5 Fighting
 - Level 7.0 Axes
 - Level 8.0 Armour
 - Level 4.0 Dodging
 + Level 10.0 Shields
 - Level 10.0 Invocations


You had 10 spell levels left.
You didn't know any spells.
Your spell library contained the following spells:

 Spells                   Type           Power      Damage    Failure   Level
 Hailstorm                Conj/Ice       0%         3d5       99%         3
 Passwall                 Erth           0%         N/A       99%         3
 Summon Ice Beast         Ice/Summ       0%         N/A       99%         3
 Volatile Blastmotes      Fire/Tloc      0%         2d10      99%         3
 Animate Armour           Summ/Erth      0%         N/A       100%        4
 Summon Lightning Spire   Summ/Air       0%         N/A       100%        4
 Vhi's Electric Charge    Tloc/Air       0%         N/A       100%        4
 Lee's Rapid Deconstruct  Erth           0%         3d4*      100%        5
 Bombard                  Conj/Erth      0%         9d1       100%        6
 Permafrost Eruption      Ice/Erth       0%         2x4d2     100%        6
 Sculpt Simulacrum        Ice/Alch       0%         N/A       100%        6


Dungeon Overview and Level Annotations

Branches:
Dungeon (10/15)            Temple (1/1) D:5            Lair (3/5) D:10
  Swamp: Lair:2-3    Shoals: Lair:2-3     Snake: Lair:2-3    Spider: Lair:2-3
    Orc: D:9-12

Altars:
Ashenzari
Cheibriados
Dithmenos
Elyvilon
Fedhas
Gozag
Hepliaklqana
Kikubaaqudgha
Makhleb
Nemelex Xobeh
Okawaru
Qazlal
Ru
Sif Muna
Trog
Uskayaw
Vehumet
Wu Jian
Xom
Yredelemnul
Zin
The Shining One

Shops:
D:1 (   D:2 *   D:5 !?[(*

Annotations:
D:7 2 transporters, SgtShock's ghost, novice MfIE
Lair:2 Gastronok


Innate Abilities, Weirdness & Mutations

Your spellcasting is much less encumbered by armour.
You can use scrolls of enchantment on lesser artefacts.
You occasionally shout uncontrollably at your foes.


Message History

The black mamba bites you but does no damage.
You block the black mamba's attack.
Gastronok is engulfed in freezing vapours.
Gastronok waves his eye-stalks in wide circles.
The air twists around and strikes you!!
* * * LOW HITPOINT WARNING * * *
You closely miss the black mamba.
The black mamba is heavily wounded.
You hit Gastronok but do no damage. The black mamba barely misses you.
You block the black mamba's attack. x2
Unknown command.
You hit the black mamba.
The black mamba is heavily wounded.
You hit Gastronok but do no damage.
The black mamba is engulfed in blazing flames.
You block the black mamba's attack.
The black mamba is engulfed in blazing flames.
The black mamba barely misses you. Gastronok bites you!
* * * LOW HITPOINT WARNING * * *
The black mamba is engulfed in blazing flames.
You kill the black mamba!
Qazlal accepts your kill.
Your Shields skill increases to level 10!
You slash Gastronok!
Gastronok is severely wounded.
You slash the plant!
The plant begins to die.
Gastronok mumbles some strange words.
Gastronok puts on a burst of speed!
You slash Gastronok!
Gastronok is severely wounded.
You hit the plant.
Gastronok waves his eye-stalks in wide circles.
The air twists around and strikes you!
* * * LOW HITPOINT WARNING * * *
Unknown command.
A nearby plant withers and dies.
Gastronok waves his eye-stalks in wide circles.
The air twists around and strikes you!!
You die...
Gastronok gurgles, "About time.
I'm starving!"

........>.#..#...................
........####............##.......
...#P.#### ##..P........##.....##
..##.....# #...##........(....#.#
.####....####....#...............
## #....#.#...............#..#.#
##..##...............###.###.
#..÷#|....#.........###...###
##.......w.°@...##P###...##
#...#...>.##§..#######....#
##.......#.#...# #.#....#
##..#.########.# ###.....###
#.......# ### ##.....#....
#..#..### ####....####..# ###.###
#.#..#...##..## ###
##.......##P..# ###..........#


You could see Gastronok (swift).

Vanquished Creatures
  Erica (D:9)
  A two-headed ogre (D:7)
  Pikel (D:6)
  An oklob plant (D:10)
  A salamander (D:6)
  3 black mambas
  A cane toad (Lair:1)
  2 rime drakes
  A komodo dragon (Lair:2)
  2 hornets
  3 blink frogs (Lair:2)
  Sigmund (D:3)
  2 shadows
  23 yaks
  A vampire (D:10)
  A wraith (D:7)
  3 wyverns
  A neqoxec (D:4)
  Menkaure (D:4)
  5 water moccasins
  3 orc warriors
  A sky beast (D:7)
  3 black bears
  3 ogres
  7 centaurs
  A lemure (D:6)
  2 phantoms (D:6)
  8 bullfrogs
  2 gnoll sergeants
  2 kobold brigands
  A scorpion (D:7)
  8 killer bees
  4 howler monkeys
  6 orc priests
  2 jellies
  2 sleepcaps
  9 orc wizards
  3 iguanas
  4 hell rats (Lair:1)
  Robin (D:3)
  6 river rats (Lair:1)
  9 adders
  9 gnolls
  2 shadow imps
  3 white imps
  2 ufetubi (D:7)
  2 dart slugs (D:2)
  A ribbon worm (D:2)
  16 orcs
  10 ball pythons
  5 endoplasms
  7 giant cockroaches
  13 goblins
  8 hobgoblins
  3 quokkas
  5 bats
  4 frilled lizards
  10 kobolds
  8 rats
250 creatures vanquished.

Notes
Turn   | Place    | Note
-------+----------+-------------------------------------------
     0 | D:1      | Fractals the Mountain Dwarf Fighter began the quest for the
                  | Orb.
     0 | D:1      | Reached XP level 1. HP: 19/19 MP: 1/1
   307 | D:1      | Found a faded altar of an unknown god.
   347 | D:1      | Reached XP level 2. HP: 26/26 MP: 2/2
   527 | D:1      | Found Qigoukla's Weapon Emporium.
  1059 | D:2      | Reached skill level 4 in Fighting
  1059 | D:2      | Reached XP level 3. HP: 16/33 MP: 3/3
  1152 | D:2      | Found Gaepnyki's Assorted Antiques.
  1403 | D:2      | Reached XP level 4. HP: 40/41 MP: 4/4
  2087 | D:3      | Noticed Sigmund
  2345 | D:3      | Found a shimmering altar of Xom.
  2346 | D:3      | Noticed Robin
  2535 | D:3      | Killed Robin
  2623 | D:3      | Reached skill level 5 in Fighting
  2672 | D:2      | Reached XP level 5. HP: 45/48 MP: 5/5
  2840 | D:3      | Killed Sigmund
  2841 | D:3      | Reached skill level 6 in Fighting
  2841 | D:3      | Reached skill level 5 in Shields
  2841 | D:3      | Reached XP level 6. HP: 44/58 MP: 6/6
  3147 | D:4      | Noticed Menkaure
  3166 | D:4      | Killed Menkaure
  3534 | D:4      | Noticed Grinder
  3867 | D:4      | Paralysed by Grinder for 5 turns
  3876 | D:4      | Paralysed by Grinder for 4 turns
  3881 | D:4      | Grinder changed into Grinder the neqoxec
  3881 | D:4      | Noticed Grinder
  3886 | D:4      | Gained mutation: You occasionally shout uncontrollably at
                  | your foes. [Grinder]
  3887 | D:4      | Killed Grinder the neqoxec
  3888 | D:4      | Reached skill level 7 in Fighting
  3888 | D:4      | Reached XP level 7. HP: 46/66 MP: 7/7
  4071 | D:5      | Entered Level 5 of the Dungeon
  4080 | D:5      | Found Tiuvikes's Magic Scroll Emporium.
  4125 | D:5      | Reached skill level 5 in Armour
  4178 | D:5      | Found Baodyru's Distillery.
  4185 | D:5      | Bought a potion of curing for 33 gold pieces
  4185 | D:5      | Bought a potion of heal wounds for 55 gold pieces
  4292 | D:5      | Found Diblirod's Weapon Boutique.
  4336 | D:5      | Found Qiegat's Antique Armour Emporium.
  4380 | D:5      | Reached skill level 8 in Fighting
  4647 | D:5      | Found Ficih's General Store.
  4664 | D:5      | Reached XP level 8. HP: 72/75 MP: 8/8
  4704 | D:5      | Found a staircase to the Ecumenical Temple.
  4831 | Temple   | Entered the Ecumenical Temple
  4846 | Temple   | Became a worshipper of Qazlal Stormbringer
  5136 | D:6      | Reached skill level 1 in Invocations
  5140 | D:6      | Reached skill level 5 in Axes
  5250 | D:6      | Reached skill level 9 in Fighting
  5394 | D:6      | Noticed Pikel
  5442 | D:6      | Killed Pikel
  5443 | D:6      | Reached skill level 10 in Fighting
  5737 | D:6      | Reached XP level 9. HP: 83/85 MP: 13/13
  5830 | D:6      | Reached * piety under Qazlal
  5836 | D:6      | Noticed a two-headed ogre
  5866 | D:6      | a two-headed ogre changed into a steelbarb worm
  5866 | D:6      | Noticed a steelbarb worm
  6290 | D:6      | HP: 3/85 [steelbarb worm (20)]
  6291 | D:6      | a steelbarb worm changed into a salamander
  6291 | D:6      | Noticed a salamander
  6293 | D:6      | Killed a salamander
  7022 | D:7      | Reached skill level 1 in Dodging
  7208 | D:7      | Noticed a two-headed ogre
  7634 | D:7      | Identified the +2 ring mail of Zaoxt {Fly Will++ Int-4}
  7760 | D:7      | Found a bloodstained altar of Trog.
  7760 | D:7      | Noticed SgtShock's ghost (novice MfIE)
  7762 | D:7      | Noticed a moth of wrath
  7771 | D:7      | Found a transporter.
  7789 | D:7      | Found a transporter.
  8393 | D:7      | Killed a two-headed ogre
  8394 | D:7      | Reached XP level 10. HP: 69/93 MP: 14/16
  8954 | D:8      | Paralysed by a hornet for 2 turns
  9501 | D:8      | Reached ** piety under Qazlal
 10036 | D:9      | Reached skill level 10 in Invocations
 10075 | D:9      | Noticed Erica
 10478 | D:9      | Found a snail-covered altar of Cheibriados.
 10478 | D:9      | Found a blossoming altar of Fedhas.
 10885 | D:9      | Reached skill level 11 in Fighting
 11284 | D:9      | Killed Erica
 11510 | D:10     | Entered Level 10 of the Dungeon
 11569 | D:10     | Identified the +9 long sword "Patouxtea" {venom, ^Contam
                  | Str+3 Int+4 Dex+4}
 11675 | D:10     | Reached XP level 11. HP: 90/102 MP: 18/18
 12116 | D:10     | Found a staircase to the Lair.
 12117 | D:10     | Noticed an oklob plant
 12466 | Lair:1   | Entered Level 1 of the Lair of Beasts
 12652 | Lair:1   | Reached skill level 12 in Fighting
 12676 | Lair:1   | Reached *** piety under Qazlal
 12767 | Lair:1   | Identified the +1 leather armour of Viqyomih {*Slow rPois
                  | rCorr}
 13622 | D:5      | Bought the -2 hat of the Alchemist {rElec rPois rF+ rC+ rN+
                  | Will+ rMut rCorr} for 519 gold pieces
 13622 | D:5      | Found the -2 hat of the Alchemist {rElec rPois rF+ rC+ rN+
                  | Will+ rMut rCorr}
 13787 | D:10     | Killed an oklob plant
 14200 | Lair:2   | Reached skill level 13 in Fighting
 14726 | Lair:3   | Noticed Gastronok
 14745 | Lair:2   | Reached skill level 10 in Shields
 14747 | Lair:2   | HP: 2/107 [Gastronok/the air (11)]
 14750 | Lair:2   | Killed from afar by Gastronok

Illustrated notes

Levels and vault maps discovered:
D:1:      dpeg_arrival_three_same_balls, layout_basic, serial_rivers,
          chequers_serial_rivers_micro_e, chequers_serial_rivers_large_a,
          chequers_serial_rivers_small_a, chequers_serial_rivers_room_a,
          serial_shops, nicolae_shop_back_alley_shop, basic_ecumenical_altar
D:2:      layout_basic, serial_shops, nicolae_square_shop
D:3:      layout_rooms, mainiacjoe_overflow_cross_hatched, uniq_sigmund,
          uniq_robin
D:4:      layout_rooms, minivault_19, kennysheep_nub, uniq_grinder,
          uniq_menkaure
D:5:      nicolae_cairo_tiling_very_big, layout_rooms,
          minmay_temple_entry_poolview, serial_shops, kennysheep_mini,
          nicolae_shop_just_a_little_nook, nicolae_square_shop, shop, shop,
          hangedman_decor_riveting
D:6:      layout_gridville, mainiacjoe_sewer_entry_somewhere_in_here_2,
          minmay_between, uniq_pikel
D:7:      nzn_winding_woodlands_medium [nzn_winding_woodlands_5x5_default,
          nzn_winding_woodlands_5x15_concentric,
          nzn_winding_woodlands_hourglass, nzn_winding_woodlands_5x5_default,
          nzn_winding_woodlands_center_triple_pond,
          nzn_winding_woodlands_5x5_cross, nzn_winding_woodlands_5x5_open_star,
          nzn_winding_woodlands_5x15_default,
          nzn_winding_woodlands_5x5_perimeter], layout_loops_ring,
          gammafunk_ghost_wrathful_warriors
D:8:      layout_loops_ring
D:9:      layout_irregular_city, gammafunk_temple_overflow_wave, uniq_erica
D:10:     layout_gridville, dpeg_oklobed_lair, hangedman_abyss_or_decor_stagger
Temple:   hellmonk_temple_of_storms
Lair:1:   layout_cellular_growth, kennysheep_abandoned_house
Lair:2:   layout_misc_corridors, lemuel_fruit_fields
Lair:3:   layout_misc_corridors, minmay_shoals_entry_centaurs,
          guppyfry_snake_entry_garden, uniq_gastronok

Skill      XL: |  1  2  3  4  5  6  7  8  9 10 11 |
---------------+----------------------------------+-----
Axes           | 3 4 5 6 7 |  7.0
Fighting       | 4 5 6 7 8 10 11 13 | 13.5
Shields        | 4 5 6 10 | 10.0
Armour         | 4 5 8 |  8.0
Invocations    | 6 8 10 | 10.0
Dodging        | 4 |  4.0

Action                     |  1- 3 |  4- 6 |  7- 9 | 10-12 || total
---------------------------+-------+-------+-------+-------++-------
  Melee: War axe           |    98 |   139 |   326 |   376 ||   939
 Invoke: Upheaval          |       |       |       |     1 ||     1
  Evoke: Wand              |       |     5 |     5 |       ||    10
    Use: Potion            |     1 |       |     5 |     2 ||     8
         Scroll            |       |     6 |     4 |     8 ||    18
 Armour: Scale mail        |    74 |    91 |       |       ||   165
         Chain mail        |       |    27 |   303 |   121 ||   451
         Plate armour      |       |       |       |   206 ||   206
  Dodge: Dodged            |    74 |    74 |   150 |   250 ||   548
         Repelled          |       |       |       |     9 ||     9
  Block: Buckler           |    32 |    35 |   105 |    27 ||   199
         Kite shield       |       |       |       |   350 ||   350

Table legend: (Time is in decaauts)
 A = Elapsed time spent in this place.
 B = Non-inter-level travel time spent in this place.
 C = Inter-level travel time spent in this place.
 D = Time resting spent in this place.
 E = Time spent auto-exploring this place.
 F = Levels seen in this place.
 G = Mean time per level.
                   A        B        C        D        E       F      G
               +--------+--------+--------+--------+--------+-----+--------+
         Total |  15210 |  14496 |    714 |   4177 |   7293 |  14 | 1086.4 |
       Dungeon |  13128 |  12509 |    619 |   3996 |   5895 |  10 | 1312.8 |
        Temple |     30 |      2 |     28 |      0 |      0 |   1 |   30.0 |
          Lair |   2051 |   1985 |     66 |    181 |   1398 |   3 |  683.7 |
               +--------+--------+--------+--------+--------+-----+--------+

Top non-repeatable levels by time:
     D:7: 1984 daAuts
     D:6: 1892 daAuts
     D:2: 1532 daAuts
     D:8: 1526 daAuts
     D:9: 1489 daAuts
  Lair:1: 1450 daAuts
    D:10: 1075 daAuts
     D:1: 1017 daAuts
     D:5: 988 daAuts
     D:4: 931 daAuts
     D:3: 689 daAuts
  Lair:2: 587 daAuts
  Temple: 30 daAuts
  Lair:3: 14 daAuts
